 Dungeon Crawl Stone Soup version 0.30-a0-371-gad7725a93e (webtiles) character file.

Game seed: 3946813207118761090

17406 oldmanjim the Grappler (level 12, -7/114 HPs)
             Began as a Troll Earth Elementalist on Nov 20, 2022.
             Was an Initiate of Gozag.
             Mangled by a ten-headed hydra (13 damage)
             ... on level 2 of the Lair of Beasts on Nov 21, 2022.
             The game lasted 01:26:58 (12432 turns).

oldmanjim the Grappler (Troll Earth Elementalist)  Turns: 12432, Time: 01:26:59

Health: -7/114     AC:  5    Str: 21    XL:     12   Next: 18%
Magic:  15/15      EV: 14    Int: 13    God:    Gozag
Gold:   426        SH:  0    Dex: 10    Spells: 8/17 levels left

rFire   . . .      SeeInvis .      - Unarmed
rCold   . . .      Faith    .    (no shield)
rNeg    . . .      Spirit   .    a - +0 robe
rPois   .          Reflect  .    (helmet restricted)
rElec   .          Harm     .    w - +0 cloak
rCorr   .          Rampage  .    (gloves unavailable)
Will    +....                    (boots unavailable)
Stlth   +.........               (no amulet)
HPRegen 1.19/turn                B - +4 ring of evasion
MPRegen 0.14/turn                L - ring of willpower

@: no status effects
A: large, unfitting armour, claws 3, regeneration 1, shaggy fur 1, tough skin 1
a: Renounce Religion, Potion Petition, Call Merchant, Bribe Branch


You were on level 2 of the Lair of Beasts.
You worshipped Gozag.
Gozag was aware of your devotion.
You visited 3 branches of the dungeon, and saw 14 of its levels.

You collected 3149 gold pieces.
You spent 456 gold pieces at shops.
You paid 2267 gold pieces to Gozag.

Inventory:

Hand Weapons
 b - a +0 shortbow of draining
 n - a +0 sling
 M - a +4 dagger of venom
Missiles
 d - 10 javelins (quivered)
 k - 24 poisoned darts
 E - a silver boomerang
 F - 5 atropa-tipped darts
 G - 2 throwing nets
 P - 6 datura-tipped darts
 T - a curare-tipped dart
Armour
 a - a +0 robe (worn)
 g - a +0 kite shield
 w - a +0 cloak (worn)
 Y - a scarf of invisibility
 Z - an orb of light
Jewellery
 s - a ring of wizardry
 B - a +4 ring of evasion (left claw)
 L - a ring of willpower (right claw)
 Q - a +4 ring of evasion
Wands
 o - a wand of iceblast (25)
 I - a wand of charming (6)
 J - a wand of flame (33)
 N - a wand of acid (8)
Scrolls
 c - 3 scrolls of blinking
 f - 2 scrolls of summoning
 h - 2 scrolls of enchant weapon
 i - 3 scrolls of magic mapping
 j - a scroll of immolation
 r - 4 scrolls of poison
 t - 2 scrolls of brand weapon
 y - a scroll of silence {unknown}
 C - 2 scrolls of vulnerability {unknown}
 H - 2 scrolls of amnesia
 K - 6 scrolls of teleportation
 R - 4 scrolls of fear
Potions
 e - a potion of attraction
 l - 3 potions of mutation
 m - a potion of resistance
 p - a potion of invisibility
 q - 2 potions of curing
 u - 3 potions of haste
 x - 2 potions of magic
 z - a potion of brilliance
 A - 3 potions of lignification
 D - 2 potions of ambrosia
 O - a potion of cancellation
 U - a potion of flight
 W - a potion of might


   Skills:
 + Level 6.1 Fighting
 + Level 1.1 Throwing
 + Level 1.0 Armour
 - Level 3.0 Dodging
 - Level 1.0 Stealth
 - Level 6.0 Shields
 + Level 14.6 Unarmed Combat
 - Level 3.0 Spellcasting
 - Level 3.0 Conjurations
 - Level 4.0 Transmutations
 - Level 4.0 Earth Magic


You had 8 spell levels left.
You knew the following spells:

 Your Spells              Type           Power      Damage    Failure   Level
a - Sandblast             Erth           24%        2d8       4%          1
b - Passwall              Tmut/Erth      10%        N/A       7%          2
c - Stone Arrow           Conj/Erth      22%        3d8       16%         3
d - Beastly Appendage     Tmut           24%        N/A       4%          1
e - Wereblood             Tmut           12%        N/A       7%          2

Your spell library contained the following spells:

 Spells                   Type           Power      Damage    Failure   Level
 Magic Dart               Conj           36%        1d4       7%          1
 Sting                    Tmut/Pois      28%        1d4       10%         1
 Searing Ray              Conj           18%        2d5       10%         2
 Spider Form              Tmut/Pois      7%         N/A       30%         3
 Poisonous Vapours        Pois/Air       2%         N/A       34%         2
 Sublimation of Blood     Necr           1%         N/A       34%         2
 Petrify                  Tmut/Erth      12%        N/A       41%         4
 Fulminant Prism          Conj/Hex       2%         3d5       77%         4
 Irradiate                Conj/Tmut      5%         3d13      83%         5
 Olgreb's Toxic Radiance  Pois           1%         N/A       92%         4
 Borgnjor's Revivificati  Necr           0%         N/A       100%        8
 Necromutation            Tmut/Necr      3%         N/A       100%        8
 Death's Door             Necr           0%         N/A       100%        9


Dungeon Overview and Level Annotations

Branches:
Dungeon (11/15)            Temple (1/1) D:4            Lair (2/5) D:11
  Snake (0/4) Lair:2          Orc (0/2) D:9
  Swamp: Lair:2-3    Shoals: Lair:2-3

Altars:
Ashenzari
Cheibriados
Dithmenos
Elyvilon
Fedhas
Gozag
Hepliaklqana
Kikubaaqudgha
Makhleb
Nemelex Xobeh
Okawaru
Qazlal
Ru
Sif Muna
Trog
Uskayaw
Vehumet
Wu Jian
Xom
Yredelemnul
Zin
The Shining One

Shops:
D:5 :   D:11 ?


Innate Abilities, Weirdness & Mutations

You are too large for most types of armour.
You have claws for hands.
Your natural rate of healing is unusually fast.
You are covered in fur. (AC +1)
You have tough skin. (AC +1)


Message History

The eight-headed hydra is moderately wounded.
The eight-headed hydra barely misses you.
The eight-headed hydra closely misses you.
The eight-headed hydra barely misses you.
The eight-headed hydra bites you! x2; The eight-headed hydra bites you. x2
The eight-headed hydra closely misses you.
Aiming: Charm
Press: ? - help, Shift-Dir - straight line, f/p - eight-headed hydra
Aim: an eight-headed hydra (moderately wounded, chance to affect: 17%)
Okay, then.
Aiming: Mindburst
Press: ? - help, Shift-Dir - straight line, f/p - eight-headed hydra
Aim: an eight-headed hydra (moderately wounded, chance to affect: 29%)
The eight-headed hydra easily resists.
The now-empty wand crumbles to dust.
The eight-headed hydra bites you! x3; The eight-headed hydra bites you.
The eight-headed hydra bites you but does no damage.
The eight-headed hydra bites you!
The eight-headed hydra bites you but does no damage.
The eight-headed hydra bites you!
* * * LOW HITPOINT WARNING * * *
You claw one of the eight-headed hydra's heads off!
The seven-headed hydra grows two more!
You mangle the nine-headed hydra!!
The nine-headed hydra is heavily wounded.
You rip one of the nine-headed hydra's heads off!
The eight-headed hydra grows two more!
You claw the ten-headed hydra!
The ten-headed hydra is heavily wounded.
The ten-headed hydra bites you!
* * * LOW HITPOINT WARNING * * *
The ten-headed hydra closely misses you.
The ten-headed hydra barely misses you. The ten-headed hydra bites you!
* * * LOW HITPOINT WARNING * * *
The ten-headed hydra misses you.
The ten-headed hydra closely misses you.
The ten-headed hydra bites you.
* * * LOW HITPOINT WARNING * * *
The ten-headed hydra bites you!
* * * LOW HITPOINT WARNING * * *
The ten-headed hydra bites you!
You die...
Your body crumbles into a pile of gold.

..P#######....P##
###.... ...#
#....P# #P###
..P# ##.....# ###
....# #......##
#P..# #......P##
##..P#
#........## #..P.
#.......#.#
##.......##
#......@#
#.....D.P#
......(.kP#
...........#
.....(......
...........
..(........
......#....#


You could see a ten-headed hydra and a rime drake.

Vanquished Creatures
  A boulder beetle (D:11)
  2 two-headed ogres
  A catoblepas (Lair:1)
  Urug (Lair:2)
  An ugly thing (D:11)
  A cyclops (D:11)
  3 black mambas
  A cane toad (Lair:1)
  A gargoyle (D:10)
  3 komodo dragons
  4 trolls
  Prince Ribbit (D:7)
  A shadow (D:6)
  A vampire (D:11)
  2 wraiths
  21 yaks
  Eustachio (D:5)
  A steam dragon (D:8)
  4 vampire mosquitoes (D:11)
  3 acid dragons
  Duvessa (D:7)
  7 water moccasins
  8 ogres
  2 ice beasts
  4 orc warriors
  7 centaurs
  3 kobold brigands
  10 bullfrogs
  3 scorpions
  A necrophage (D:4)
  A wight (D:9)
  Dowan (D:7)
  9 killer bees
  3 howler monkeys
  9 hounds
  2 jellies (D:4)
  A gnoll bouda (D:5)
  11 orc priests
  Ijyb (D:3)
  Terence (D:2)
  2 iguanas
  11 orc wizards
  Robin (D:2)
  11 gnolls
  9 adders
  2 white imps (D:5)
  3 ufetubi
  2 worms (D:2)
  2 dart slugs
  40 orcs
  10 endoplasms
  4 giant cockroaches
  18 goblins
  6 hobgoblins
  4 jackals (D:4)
  22 kobolds
  3 quokkas
  7 ball pythons
  4 bats
  3 frilled lizards
  9 rats
312 creatures vanquished.

Vanquished Creatures (others)
  3 fungi
  10 plants
13 creatures vanquished.

Grand Total: 325 creatures vanquished

Notes
Turn   | Place    | Note
-------+----------+-------------------------------------------
     0 | D:1      | oldmanjim the Troll Earth Elementalist began the quest for
                  | the Orb.
     0 | D:1      | Reached XP level 1. HP: 16/16 MP: 1/1
   244 | D:1      | Reached XP level 2. HP: 26/26 MP: 0/2
   396 | D:1      | Reached skill level 1 in Unarmed Combat
   614 | D:1      | Reached skill level 1 in Fighting
   726 | D:2      | Identified the +1 leather armour of the Elven Halls
                  | {Will++}
   776 | D:2      | Reached XP level 3. HP: 33/33 MP: 3/3
   873 | D:2      | Noticed Terence
   880 | D:2      | Killed Terence
   952 | D:2      | Reached XP level 4. HP: 41/41 MP: 4/4
  1098 | D:2      | Found an opulent altar of Gozag.
  1112 | D:2      | Reached skill level 2 in Unarmed Combat
  1117 | D:2      | Became a worshipper of Gozag Ym Sagoz the Greedy
  1639 | D:2      | Learned a level 2 spell: Passwall
  1782 | D:3      | Noticed Robin
  1794 | D:3      | HP: 2/42 [poisoned by a goblin]
  1799 | D:3      | HP: 2/42 [poisoned by a goblin]
  2145 | D:3      | Noticed Ijyb
  2161 | D:3      | Killed Ijyb
  2162 | D:3      | Reached XP level 5. HP: 32/49 MP: 5/5
  2579 | D:2      | Killed Robin
  2612 | D:3      | Reached skill level 3 in Unarmed Combat
  2802 | D:4      | Reached XP level 6. HP: 49/59 MP: 6/6
  2894 | D:4      | Found a burning altar of Makhleb.
  3019 | D:4      | Found a staircase to the Ecumenical Temple.
  3151 | D:4      | Reached skill level 4 in Unarmed Combat
  3300 | D:4      | Identified the +1 ring mail "Ujaozed" {Int+2}
  3353 | D:4      | Reached XP level 7. HP: 60/68 MP: 7/7
  3504 | D:4      | Reached skill level 5 in Unarmed Combat
  3784 | Temple   | Entered the Ecumenical Temple
  3957 | D:5      | Entered Level 5 of the Dungeon
  4103 | D:5      | Reached XP level 8. HP: 79/79 MP: 5/8
  4107 | D:5      | Learned a level 3 spell: Stone Arrow
  4257 | D:5      | Reached skill level 6 in Unarmed Combat
  4263 | D:5      | Reached skill level 5 in Fighting
  4383 | D:5      | Noticed Eustachio
  4420 | D:5      | Killed Eustachio
  4421 | D:5      | Reached skill level 1 in Conjurations
  4686 | D:5      | Reached skill level 7 in Unarmed Combat
  4804 | D:5      | Found a broken altar of Ashenzari.
  4810 | D:5      | Found an opulent altar of Gozag.
  4810 | D:5      | Found an iron altar of Okawaru.
  4821 | D:5      | Found a sparkling altar of Nemelex Xobeh.
  4824 | D:5      | Found a radiant altar of Vehumet.
  5235 | D:6      | Found a sacrificial altar of Ru.
  5437 | D:6      | Reached XP level 9. HP: 88/88 MP: 5/11
  5451 | D:6      | Reached skill level 8 in Unarmed Combat
  5864 | D:6      | Found a white marble altar of Elyvilon.
  5953 | D:6      | Reached skill level 9 in Unarmed Combat
  6144 | D:6      | Reached skill level 10 in Unarmed Combat
  6237 | D:7      | Noticed Duvessa
  6237 | D:7      | Noticed Dowan
  6237 | D:7      | Noticed a troll
  6252 | D:6      | Killed a troll
  6356 | D:7      | Killed Duvessa
  6357 | D:7      | Reached skill level 11 in Unarmed Combat
  6435 | D:7      | Killed Dowan
  6520 | D:7      | Noticed Prince Ribbit
  6532 | D:7      | Killed Prince Ribbit
  6623 | D:7      | Reached XP level 10. HP: 62/96 MP: 10/12
  6712 | D:5      | Bought a book of Changes for 252 gold pieces
  6714 | D:5      | Learned a level 1 spell: Beastly Appendage
  6717 | D:5      | Learned a level 2 spell: Wereblood
  7041 | D:7      | Found a hazy altar of Hepliaklqana.
  7092 | D:8      | Reached skill level 1 in Transmutations
  7370 | D:8      | Found a shadowy altar of Dithmenos.
  7703 | D:9      | Noticed a two-headed ogre
  7968 | D:9      | Killed a two-headed ogre
  7969 | D:9      | Reached skill level 12 in Unarmed Combat
  8367 | D:9      | Found a staircase to the Orcish Mines.
  8982 | D:10     | Entered Level 10 of the Dungeon
  9079 | D:10     | Reached skill level 1 in Shields
  9106 | D:10     | Noticed a gargoyle
  9118 | D:10     | Killed a gargoyle
  9669 | D:10     | Reached XP level 11. HP: 94/105 MP: 10/13
 10627 | D:11     | Found a staircase to the Lair.
 10633 | D:11     | Noticed a purple ugly thing
 10670 | D:11     | Reached skill level 13 in Unarmed Combat
 10698 | D:11     | Killed a purple ugly thing
 10829 | D:11     | Noticed a two-headed ogre
 10854 | D:11     | Killed a two-headed ogre
 11124 | D:11     | Bought a scroll of noise for 17 gold pieces
 11124 | D:11     | Bought a scroll of teleportation for 51 gold pieces
 11124 | D:11     | Bought a scroll of amnesia for 68 gold pieces
 11124 | D:11     | Bought a scroll of fear for 68 gold pieces
 11131 | Lair:1   | Entered Level 1 of the Lair of Beasts
 11131 | Lair:1   | Noticed a boulder beetle
 11147 | D:11     | Killed a boulder beetle
 11245 | Lair:1   | Reached skill level 5 in Shields
 11684 | Lair:1   | Reached skill level 14 in Unarmed Combat
 11831 | Lair:1   | Noticed a catoblepas
 11839 | Lair:1   | Killed a catoblepas
 11840 | Lair:1   | Reached XP level 12. HP: 114/114 MP: 15/15
 12229 | Lair:2   | Found a staircase to the Snake Pit.
 12254 | Lair:2   | Noticed Urug
 12264 | Lair:2   | Killed Urug
 12314 | Lair:2   | Reached skill level 1 in Throwing
 12314 | Lair:2   | Reached skill level 1 in Armour
 12426 | Lair:2   | Noticed an eight-headed hydra
 12432 | Lair:2   | Mangled by a ten-headed hydra

Illustrated notes

Levels and vault maps discovered:
D:1:      dpeg_arrival_rooms_c, layout_loops_ring, minmay_misc_feat_rugged,
          minmay_misc_feat_tiny, st_stairs_10
D:2:      layout_basic, basic_altar, uniq_terence
D:3:      layout_basic, uniq_robin, uniq_ijyb
D:4:      layout_basic, makhleb_heckhound_becter, minmay_temple_entry_junction,
          minmay_puff
D:5:      wad_river_or_something, layout_basic, minmay_overflow_temple_star_hex,
          uniq_eustachio
D:6:      layout_basic, elyvilon_altar_1, hangedman_ru_absence,
          dreamdust_mushroom_princess
D:7:      layout_rooms, nicolae_hepliaklqana_hippocampus, uniq_prince_ribbit1,
          uniq_duvessa
D:8:      layout_loops_ring, lemuel_crystal_altar
D:9:      layout_irregular_city, erik_orc_3
D:10:     layout_long_grid
D:11:     layout_stronghold, david_lair_shrubbed
Temple:   chequers_temple_sunken
Lair:1:   layout_misc_corridors
Lair:2:   layout_cave_pods, elwin_shoals_entry_rooms,
          minmay_snake_entry_six_corridors, uniq_urug

Skill      XL: |  1  2  3  4  5  6  7  8  9 10 11 12 |
---------------+-------------------------------------+-----
Unarmed Combat | 1 2 3 4 5 7 11 12 14 | 14.6
Earth Magic    | 3 4 |  4.0
Fighting       | 1 2 3 4 5 6 |  6.1
Conjurations   | 3 |  3.0
Spellcasting   | 2 3 |  3.0
Transmutations | 3 4 |  4.0
Dodging        | 3 |  3.0
Shields        | 2 6 |  6.0
Throwing       | 1 |  1.1
Armour         | 1 |  1.0
Stealth        | |  1.0

Action                   |  1- 3 |  4- 6 |  7- 9 | 10-12 || total
-------------------------+-------+-------+-------+-------++-------
Melee: Unarmed           |    69 |   188 |   259 |   379 ||   895
       Punch             |     2 |     7 |    12 |    19 ||    40
       Kick              |       |       |       |    55 ||    55
       Headbutt          |       |       |       |    44 ||    44
 Fire: Sling             |       |    47 |    39 |    14 ||   100
       Shortbow          |       |       |       |    61 ||    61
Throw: Stone             |       |    11 |     1 |       ||    12
       Dart              |       |       |     6 |     5 ||    11
       Large rock        |       |       |       |     5 ||     5
 Cast: Sandblast         |     3 |    18 |    45 |    14 ||    80
       Beastly Appendage |       |       |       |    35 ||    35
       Wereblood         |       |       |       |    10 ||    10
       Stone Arrow       |       |       |       |     5 ||     5
Invok: Call Merchant     |       |       |     1 |     1 ||     2
       Potion Petition   |       |       |       |     2 ||     2
Evoke: Wand              |       |       |       |     1 ||     1
  Use: Scroll            |       |     1 |    12 |    10 ||    23
       Potion            |       |     1 |       |     1 ||     2
 Stab: Sleeping          |     2 |     2 |     1 |     1 ||     6
       Distracted        |       |       |       |     2 ||     2
Armor: Robe              |    25 |    60 |    54 |    86 ||   225
Dodge: Dodged            |    30 |    67 |   138 |   222 ||   457

Table legend: (Time is in decaauts)
 A = Elapsed time spent in this place.
 B = Non-inter-level travel time spent in this place.
 C = Inter-level travel time spent in this place.
 D = Time resting spent in this place.
 E = Time spent auto-exploring this place.
 F = Levels seen in this place.
 G = Mean time per level.
                   A        B        C        D        E       F      G
               +--------+--------+--------+--------+--------+-----+--------+
         Total |  12372 |  11900 |    472 |    616 |   8018 |  14 |  883.7 |
       Dungeon |  10946 |  10518 |    428 |    267 |   7466 |  11 |  995.1 |
        Temple |    203 |    175 |     28 |      0 |    167 |   1 |  203.0 |
          Lair |   1222 |   1206 |     16 |    349 |    384 |   2 |  611.0 |
               +--------+--------+--------+--------+--------+-----+--------+

Top non-repeatable levels by time:
     D:5: 1289 daAuts
     D:9: 1260 daAuts
    D:11: 1247 daAuts
     D:6: 1214 daAuts
     D:4: 1088 daAuts
     D:2: 1024 daAuts
     D:3: 964 daAuts
    D:10: 902 daAuts
  Lair:1: 874 daAuts
     D:1: 725 daAuts
     D:8: 626 daAuts
     D:7: 603 daAuts
  Lair:2: 348 daAuts
  Temple: 203 daAuts
